 Seeded DCSS version 0.28-a0-628-g3c9886e45e (webtiles) character file.

Game seed: 18446744073709551615 (custom seed)

6 a11behringer the Chopper (level 1, 0/20 HPs)
             Began as a Hill Orc Cinder Acolyte on Oct 8, 2021.
             Was a High Priest of Ignis.
             Slain by a kobold (2 damage)
             ... on level 1 of the Dungeon.
             The game lasted 00:01:02 (200 turns).

a11behringer the Chopper (Hill Orc Cinder Acolyte)   Turns: 200, Time: 00:01:03

Health: 0/20       AC:  2    Str: 16    XL:     1   Next: 90%
Magic:  2/2        EV: 11    Int: 14    God:    Ignis [*****.]
Gold:   24         SH:  0    Dex:  6    Spells: 2/2 levels left

rFire   + . .      SeeInvis .   a - -1 hand axe (flame)
rCold   . . .      Faith    .   (no shield)
rNeg    . . .      Spirit   .   b - +0 robe
rPois   .          Reflect  .   (no helmet)
rElec   .          Harm     .   (no cloak)
rCorr   .          Rampage  .   (no gloves)
Will    .....                   (no boots)
Stlth   +.........              (no amulet)
HPRegen 0.06/turn               (no ring)
MPRegen 0.08/turn               (no ring)

@: no status effects
A: no striking features
a: Renounce Religion, Sea of Fire, Foxfire Swarm, Rising Flame


You were on level 1 of the Dungeon.
You worshipped Ignis.
Ignis was extremely pleased with you.
You visited 1 branch of the dungeon, and saw 1 of its levels.

You collected 24 gold pieces.

Inventory:

Hand Weapons
 a - a -1 hand axe of flaming (weapon)
Armour
 b - a +0 robe (worn)
Jewellery
 d - a ring of positive energy
Potions
 c - a potion of curing {unknown}


   Skills:
 + Level 3.9 Fighting
 + Level 4.2 Axes
 + Level 1.0 Spellcasting
 + Level 3.3 Fire Magic


You had 2 spell levels left.
You didn't know any spells.
Your spell library contained the following spells:

 Spells                   Type           Power      Damage    Failure   Level
 Scorch                   Fire           20%        2d6       10%         2


Dungeon Overview and Level Annotations

Branches:
Dungeon (1/15)

Altars:

Shops:
D:1 [


Message History

The hobgoblin shouts!
A rat comes into view.
The hobgoblin hits you. The hobgoblin misses you.
The rat bites you but does no damage. The rat bites you.
You closely miss the hobgoblin. You barely miss the rat.
The hobgoblin closely misses you. The rat bites you.
You closely miss the hobgoblin. You hit the rat. You burn the rat.
You kill the rat!
The hobgoblin hits you.
The rat twitches its whiskers.
The hobgoblin closely misses you.
You closely miss the hobgoblin. You hit the rat. You burn the rat.
You kill the rat!
The hobgoblin completely misses you.
You barely miss the hobgoblin. The hobgoblin barely misses you.
You barely miss the hobgoblin. The hobgoblin completely misses you.
You barely miss the hobgoblin. The hobgoblin misses you.
You hit the hobgoblin but do no damage. The hobgoblin hits you.
* * * LOW HITPOINT WARNING * * *
You barely miss the hobgoblin. The hobgoblin hits you.
* * * LOW HITPOINT WARNING * * *
You completely miss the hobgoblin. The hobgoblin closely misses you.
You hit the hobgoblin. You burn the hobgoblin.
You kill the hobgoblin!
You open the door.
There is an open door here.
There is an open door here.
There is an entrance to Wusebb's Antique Armour Emporium here.
You open the door.
There is an open door here.
A kobold comes into view. It is wielding a +0 short sword.
The kobold throws a stone.
The stone barely misses you.
The kobold throws a stone.
The stone hits you.
* * * LOW HITPOINT WARNING * * *
You barely miss the kobold. The kobold barely misses you.
You barely miss the kobold.
The kobold hits you with a +0 short sword.
You die...

######### #..@K...#
#.#####.# #.# #.# #.#
.######.#
........#####.# #.#
######.........
###.#########'#######.


You could see a kobold.

Vanquished Creatures
  A hobgoblin (D:1)
  3 ball pythons (D:1)
  3 rats (D:1)
7 creatures vanquished.

Notes
Turn   | Place    | Note
-------+----------+-------------------------------------------
     0 | D:1      | a11behringer the Hill Orc Cinder Acolyte began the quest
                  | for the Orb.
     0 | D:1      | Reached XP level 1. HP: 19/19 MP: 2/2
   155 | D:1      | Found Wusebb's Antique Armour Emporium.
   169 | D:1      | HP: 1/20 [hobgoblin (4)]
   197 | D:1      | HP: 1/20 [kobold/stone (1)]
   200 | D:1      | Slain by a kobold

Illustrated notes

Levels and vault maps discovered:
D:1:      minmay_arrival_widening_spiral_wide, layout_basic, serial_shops, shop,
          shapermc_ecumenical_altar_rom_forum

Action                   || total
-------------------------++-------
Melee: Hand axe          ||    18
Armor: Robe              ||     1
Dodge: Dodged            ||    20

Table legend: (Time is in decaauts)
 A = Elapsed time spent in this place.
 B = Non-inter-level travel time spent in this place.
 C = Inter-level travel time spent in this place.
 D = Time resting spent in this place.
 E = Time spent auto-exploring this place.
 F = Levels seen in this place.
 G = Mean time per level.
                   A        B        C        D        E       F      G
               +--------+--------+--------+--------+--------+-----+--------+
         Total |    201 |    131 |     70 |      0 |     85 |   1 |  201.0 |
       Dungeon |    201 |    131 |     70 |      0 |     85 |   1 |  201.0 |
               +--------+--------+--------+--------+--------+-----+--------+

Top non-repeatable levels by time:
     D:1: 201 daAuts
